 Dungeon Crawl Stone Soup version 0.29-a0-512-gf59ac788ac (webtiles) character file.

Game seed: 16634086067336956531

88 Demosthentine the Skirmisher (level 4, -6/35 HPs)
             Began as a Demonspawn Abyssal Knight on May 30, 2022.
             Was a Priest of Lugonu.
             Killed from afar by Sigmund (7 damage)
             ... with a magic dart
             ... on level 3 of the Dungeon.
             The game lasted 00:03:16 (2811 turns).

Demosthentine the Skirmisher (DsAK)                 Turns: 2811, Time: 00:03:16

Health: -6/35      AC:  4    Str: 15    XL:     4   Next: 29%
Magic:  6/6        EV: 11    Int: 14    God:    Lugonu [***...]
Gold:   107        SH:  0    Dex: 13    Spells: 3/3 levels left

rFire   . . .      SeeInvis .   a - +1 spear
rCold   . . .      Faith    .   (no shield)
rNeg    . . .      Spirit   .   b - +1 leather armour
rPois   .          Reflect  .   (no helmet)
rElec   .          Harm     .   (no cloak)
rCorr   .          Rampage  .   (no gloves)
Will    .....                   (no boots)
Stlth   +.........              (no amulet)
HPRegen 0.11/turn               (no ring)
MPRegen 0.10/turn               (no ring)

@: confused
A: big brain 1, demonic touch 1
a: Renounce Religion, Depart the Abyss, Bend Space, Banish


You were on level 3 of the Dungeon.
You worshipped Lugonu.
Lugonu was most pleased with you.
You visited 1 branch of the dungeon, and saw 3 of its levels.
You visited the Abyss 1 time.

You collected 107 gold pieces.

Inventory:

Hand Weapons
 a - a +1 spear (weapon)
Armour
 b - a +1 leather armour (worn)
Scrolls
 d - a scroll of magic mapping
 e - a scroll of identify
 g - a scroll of fog
Potions
 f - a potion of attraction {unknown}
 h - 2 potions of curing
 i - a potion of mutation


   Skills:
 + Level 3.5 Fighting
 + Level 2.3 Polearms
 + Level 2.4 Armour
 + Level 1.7 Dodging
 + Level 3.4 Invocations


You had 3 spell levels left.
You didn't know any spells.
Your spell library contained the following spells:

 Spells                   Type           Power      Damage    Failure   Level
 Foxfire                  Conj/Fire      0%         2x1d4     34%         1
 Conjure Flame            Conj/Fire      0%         6-21      71%         3
 Inner Flame              Hex/Fire       0%         N/A       71%         3
 Flame Wave               Conj/Fire      0%         2d4       98%         4


Dungeon Overview and Level Annotations

Branches:
Dungeon (3/15)

Altars:
Cheibriados

Annotations:
D:3 Sigmund


Innate Abilities, Weirdness & Mutations

You have an unusually large brain. (Int +2)
Your touch may inflict minor irresistible damage on your foes.


Message History

The shadow imp barely misses you.
You feel much better. The shadow imp barely misses you. Something hits you!
You blink.
You bump into the rock wall.
You feel less confused.
You are confused.
You bump into the rock wall.
An adder comes into view.
You feel less confused.
Something tries to affect you, but you resist.
The adder attacks as you move away! The adder closely misses you.
A magic dart appears from out of thin air!
The magic dart hits you! The adder attacks as you move away!
The adder bites you but does no damage. The adder barely misses you.
You miss the adder.
You touch the adder!
The adder is severely wounded.
The adder bites you.
You barely miss the adder.
The adder is severely wounded.
The adder bites you but does no damage.
You hit the adder but do no damage.
The adder is severely wounded.
The adder bites you but does no damage. The adder closely misses you.
You hit the adder.
You kill the adder!
Lugonu accepts your kill.
You hear some strange, mumbled words.
A puff of flame appears from out of thin air!
The puff of flame hits you.
You miss something. Something hits you. Space warps horribly around you!
* * * LOW HITPOINT WARNING * * *
You miss something.
You touch something!
You hear some strange, mumbled words.
You are confused.
You bump into the rock wall.
You hear some strange, mumbled words.
A magic dart appears from out of thin air!
The magic dart hits you!
You die...

###...........# #########
..#.#.........#####.......#
#.8.#.....##.#.......<...#
#......##.#.###...###.#
#.###.........#.###........
#......#######.#......##.#
####...# #.........##.#
#...######.###........#
#...5{@..#.# #...)....#
#######....###.#.###..##.#...
................<........#...
..
...................##.#...)..
.#
......<........÷.#.###.#.#...
.#
#######....###.###.###.#.#...
># ###{.÷.....# #.......####
.# #..5....#### #####.### .#
#.#...#.# #.#####


You could see a shadow imp.

Vanquished Creatures
  2 adders
  3 dart slugs
  6 ball pythons
  5 bats (D:1)
  6 endoplasms
  2 giant cockroaches
  3 goblins
  10 hobgoblins
  4 jackals
  2 kobolds (D:1)
  3 quokkas (D:1)
  4 frilled lizards (D:1)
  9 rats
59 creatures vanquished.

Notes
Turn   | Place    | Note
-------+----------+-------------------------------------------
     0 | Abyss:1  | Demosthentine the Demonspawn Abyssal Knight began the quest
                  | for the Orb.
     0 | Abyss:1  | Reached XP level 1. HP: 18/18 MP: 2/2
    57 | Abyss:1  | Noticed a silent spectre
    62 | D:1      | Escaped the Abyss
   173 | D:1      | Reached skill level 1 in Dodging
   455 | D:1      | Gained mutation: Your touch may inflict minor irresistible
                  | damage on your foes. [demonic ancestry]
   455 | D:1      | Reached XP level 2. HP: 24/24 MP: 4/4
   618 | D:1      | Found a faded altar of an unknown god.
   901 | D:1      | Reached XP level 3. HP: 29/29 MP: 5/5
   943 | D:1      | Reached *** piety under Lugonu
  2472 | D:3      | Gained mutation: You have an unusually large brain. (Int
                  | +2) [demonic ancestry]
  2472 | D:3      | Reached XP level 4. HP: 33/35 MP: 6/6
  2565 | D:3      | Found a snail-covered altar of Cheibriados.
  2773 | D:3      | Noticed Sigmund
  2809 | D:3      | HP: 1/35 [something (12)]
  2811 | D:3      | Killed from afar by Sigmund

Illustrated notes

Levels and vault maps discovered:
D:1:      lemuel_arrival_room, layout_loops_ring,
          chequers_ecumenical_altar_island
D:2:      layout_loops_ring
D:3:      layout_loops_cross, nzn_hepliaklqana_mist_gate, lemuel_doored_altar,
          gammafunk_ghost_necromancy, grunt_decor_one_mirror, uniq_ijyb,
          uniq_sigmund

Skill      XL: |  1  2  3 |
---------------+----------+-----
Dodging        | 1 |  1.7
Polearms       | 2 |  2.3
Armour         | 2 |  2.4
Invocations    | 3 |  3.4
Fighting       | |  3.5

Action                   |  1- 3 |  4- 6 || total
-------------------------+-------+-------++-------
Melee: Spear             |   138 |    33 ||   171
       Touch             |    14 |     5 ||    19
  Use: Scroll            |    11 |       ||    11
       Potion            |       |     1 ||     1
 Stab: Sleeping          |     2 |       ||     2
Armor: Leather armour    |    36 |     9 ||    45
Dodge: Dodged            |    51 |    12 ||    63

Table legend: (Time is in decaauts)
 A = Elapsed time spent in this place.
 B = Non-inter-level travel time spent in this place.
 C = Inter-level travel time spent in this place.
 D = Time resting spent in this place.
 E = Time spent auto-exploring this place.
 F = Levels seen in this place.
 G = Mean time per level.
                   A        B        C        D        E       F      G
               +--------+--------+--------+--------+--------+-----+--------+
         Total |   2812 |   2803 |      9 |     84 |   2292 |   4 |  703.0 |
       Dungeon |   2750 |   2741 |      9 |     84 |   2237 |   3 |  916.7 |
         Abyss |     62 |     62 |      0 |      0 |     55 |   1 |   62.0 |
               +--------+--------+--------+--------+--------+-----+--------+

Top non-repeatable levels by time:
     D:1: 1480 daAuts
     D:2: 916 daAuts
     D:3: 353 daAuts
 Abyss:1: 62 daAuts
